 Dungeon Crawl Stone Soup version 0.25-a0-253-g6f1b5d974a (webtiles) character file.

Game seed: 15766347446183216984, levelgen mode: deterministic

37 Goblin1989 the Firebug (level 3, -15/19 HPs)
             Began as a Deep Elf Fire Elementalist on Dec 3, 2019.
             Engulfed by a cloud of flame (16 damage)
             ... on level 2 of the Dungeon on Dec 6, 2019.
             The game lasted 00:05:19 (1116 turns).

Goblin1989 the Firebug (Deep Elf Fire Elementalist) Turns: 1116, Time: 00:05:20

Health: -15/19     AC:  2    Str:  5    XL:     3   Next: 23%
Magic:  0/9        EV: 13    Int: 20    God:
Gold:   70         SH:  0    Dex: 15    Spells: 4/8 levels left

rFire    . . .     SeeInvis .   k - +0 dagger
rCold    . . .     Gourm    .   (no shield)
rNeg     . . .     Faith    .   a - +0 robe
rPois    .         Spirit   .   (no helmet)
rElec    .         Reflect  .   (no cloak)
rCorr    .         Harm     .   (no gloves)
MR       .....                  (no boots)
Stlth    ++........             (no amulet)
HPRegen  0.06/turn              (no ring)
MPRegen  0.11/turn              (no ring)

@: very slightly contaminated
A: no striking features
a: no special abilities


You were on level 2 of the Dungeon.
You were hungry.

You visited 1 branch of the dungeon, and saw 2 of its levels.

You collected 70 gold pieces.

Inventory:

Hand Weapons
 k - a +0 dagger (weapon)
Armour
 a - a +0 robe (worn)
Jewellery
 g - an uncursed ring of wizardry {unknown}
 l - an uncursed amulet of faith {unknown}
Scrolls
 h - a scroll of blinking {unknown}
 i - a scroll of identify {unknown}
Potions
 j - 2 potions of curing {unknown}
 m - a potion of magic {unknown}
Comestibles
 e - a ration


   Skills:
 - Level 2.4 Dodging
 - Level 2.4 Stealth
 + Level 3.4 Spellcasting
 * Level 2.3 Conjurations
 * Level 4.0 Fire Magic


You had 4 spell levels left.
You knew the following spells:

 Your Spells              Type           Power        Failure   Level  Hunger
a - Foxfire               Conj/Fire      ###.         3%          1    None
j - Conjure Flame         Conj/Fire      ###.....     11%         3    ###....

Your spell library contained the following spells:

 Spells                   Type           Power        Failure   Level  Hunger
 Inner Flame              Hex/Fire       ##......     19%         3    ###....
 Sticky Flame             Conj/Fire      ###.....     36%         4    ####...
 Fireball                 Conj/Fire      ###.......   71%         5    ######.


Dungeon Overview and Level Annotations

Branches:
Dungeon (2/15)

Altars:


Message History

Casting: Foxfire (safe; 4% risk of failure)
Confirm with . or Enter, or press ? or * to list all spells.
You don't have enough magic to cast that spell.
Unknown command.
Casting: Foxfire (safe; 4% risk of failure)
Confirm with . or Enter, or press ? or * to list all spells.
You conjure some foxfire!
Terence closely misses you.
You now have 0/8 mp.
Unknown command.
The foxfire hits Terence.
Terence is almost dead.
The foxfire hits Terence but does no damage.
Terence is almost dead.
Sorry, you're not good enough to have a special ability.
Okay, then.
Unknown command.
You hit Terence but do no damage.
Terence is almost dead.
Terence hits you but does no damage.
You hit Terence but do no damage.
Terence is almost dead.
Terence hits you with a +0 flail.
* * * LOW HITPOINT WARNING * * *
You take 5 damage, and have 6/15 hp.
MASSIVE DAMAGE!!
Terence drinks a potion.
Terence goes berserk!
Casting: Foxfire (safe; 4% risk of failure)
Confirm with . or Enter, or press ? or * to list all spells.
You conjure some foxfire!
You now have 0/8 mp.
Unknown command.
The foxfire hits Terence.
You kill Terence!
Your Conjurations skill increases to level 2!
Your Fire Magic skill increases to level 4!
You have reached level 3!
Your experience leads to an increase in your attributes!
Increase (S)trength, (I)ntelligence, or (D)exterity?
You feel clever.
You regained 2 hp, and now have 8/19 hp.
Unknown command.
Your foxfire dissipates!
Things that are here:
a +0 flail; a +0 scale mail Magic restored.
HP restored.
There is a stone staircase leading up here.
A rat comes into view.
Health restored: 19; MP restored: 9 Unknown command.
A rat is nearby!
You barely miss the rat. The rat misses you.
You closely miss the rat. The rat misses you.
You hit the rat but do no damage. The rat closely misses you.
Casting: Foxfire (safe; 3% risk of failure)
Confirm with . or Enter, or press ? or * to list all spells.
You conjure some foxfire!
The rat misses you.
You now have 8/9 mp.
Unknown command.
You hit the rat.
The rat is severely wounded.
The rat bites you but does no damage.
You hit the rat.
You kill the rat!
A bat comes into view.
MP restored: 9 Memorise Conjure Flame, consuming 3 spell levels and leaving 4? [Y]es or [N]o only, please.
Memorise Conjure Flame, consuming 3 spell levels and leaving 4?
Okay, then.
Memorise Conjure Flame, consuming 3 spell levels and leaving 4?
You start memorising the spell.
You continue memorising. x3
You finish memorising.
Spell assigned to 'j'.
Unknown command.
A rat comes into view.
Casting: Foxfire (safe; 3% risk of failure)
Confirm with . or Enter, or press ? or * to list all spells.
You miscast Conjure Flame.
You are very lightly contaminated with residual magic.
Nothing appears to happen.
You are feeling hungry.
You now have 6/9 mp.
Unknown command.
Casting: Conjure Flame (safe; 11% risk of failure)
Confirm with . or Enter, or press ? or * to list all spells.
The fire begins to smolder!
You now have 3/9 mp.
Casting: Conjure Flame (safe; 11% risk of failure)
Confirm with . or Enter, or press ? or * to list all spells.
Okay, then.
Saving game... please wait.
Welcome back, Goblin1989 the Deep Elf Fire Elementalist.
Press ? for a list of commands and other information.
Cast which spell? (? or * to list)
The fire ignites!
You are engulfed in blazing flames.
Ouch! That really hurt!
* * * LOW HITPOINT WARNING * * *
You take 18 damage, and have 1/19 hp.
MASSIVE DAMAGE!!
You now have 0/9 mp.
You are engulfed in blazing flames.
Ouch! That really hurt!
You die... ██ .. .█ .█ ██████████

.█ .........█ .█
██████████.█ .
.████.....████.█████....
....█.███.......@r...b.█
.██.█.█ ██████.███.█████
....█.█ █.█ .. █████.█
█.█ ██ ......█ █.█


███████ █.█ █.. ███ You could see a bat and a rat.

Vanquished Creatures
  Terence (D:2)
  2 goblins (D:1)
  2 hobgoblins (D:1)
  3 bats (D:1)
  2 kobolds (D:1)
  2 rats
12 creatures vanquished.

Vanquished Creatures (others)
  52 foxfires
52 creatures vanquished.

Grand Total: 64 creatures vanquished

Notes
Turn   | Place    | Note
-------+----------+-------------------------------------------
     0 | D:1      | Goblin1989 the Deep Elf Fire Elementalist began the quest
                  | for the Orb.
     0 | D:1      | Reached XP level 1. HP: 10/10 MP: 6/6
     2 | D:1      | Noticed a troll
     2 | D:1      | Noticed a naga
     4 | D:1      | Noticed a vine stalker
     6 | D:1      | Noticed a spriggan
     6 | D:1      | Noticed a felid
     8 | D:1      | Noticed a human
     8 | D:1      | Noticed a tengu
    10 | D:1      | Noticed a halfling
    12 | D:1      | Noticed a ghoul
    14 | D:1      | Noticed a draconian
    16 | D:1      | Noticed a dwarf
    16 | D:1      | Noticed a merfolk
    18 | D:1      | Noticed a demigod
    18 | D:1      | Noticed a minotaur
    20 | D:1      | Noticed an octopode
    20 | D:1      | Noticed a demonspawn
    22 | D:1      | Noticed a formicid
    22 | D:1      | Noticed an elf
    24 | D:1      | Noticed a gargoyle
    24 | D:1      | Noticed an ogre
    26 | D:1      | Noticed a centaur
    26 | D:1      | Noticed a vampire
   199 | D:1      | Upgraded the game from 0.25-a0-246-g58704a1ebd to
                  | 0.25-a0-253-g6f1b5d974a
   317 | D:1      | Reached XP level 2. HP: 15/15 MP: 5/8
   847 | D:2      | Noticed Terence
   876 | D:2      | Killed Terence
   876 | D:2      | Reached skill level 4 in Fire Magic
   876 | D:2      | Reached XP level 3. HP: 8/19 MP: 0/9
  1104 | D:2      | Learned a level 3 spell: Conjure Flame
  1116 | D:2      | Engulfed by a cloud of flame

Levels and vault maps discovered:
D:1:      kb_arrival_jail, layout_basic, minmay_pentomino_o2
D:2:      layout_basic, bloody_makhleb, minmay_lizard_king, uniq_terence

Skill      XL: |  1  2 |
---------------+-------+-----
Conjurations   | 2 |  2.3
Fire Magic     | 4 |  4.0
Dodging        | |  2.4
Stealth        | |  2.4
Spellcasting   | |  3.4

Action                   || total
-------------------------++-------
Melee: Dagger            ||     7
 Cast: Foxfire           ||    32
       Conjure Flame     ||     2
Armor: Robe              ||     3
Dodge: Dodged            ||     9

Table legend:
 A = Non-vault XP
 B = Vault XP
 C = Vault XP percentage of total XP
 D = Non-vault monster count
 E = Vault monster count
 F = Vault count percentage of total count
                 A         B        C        D         E       F
            +---------+---------+-------+---------+---------+-------
      Total |      15 |      39 |  72.2 |       9 |       3 |  25.0
            +---------+---------+-------+---------+---------+-------
        D:1 |      14 |       3 |  17.6 |       8 |       2 |  20.0
        D:2 |       1 |      36 |  97.3 |       1 |       1 |  50.0
            +---------+---------+-------+---------+---------+-------

Levels and vault maps discovered:
D:1:      kb_arrival_jail, layout_basic, minmay_pentomino_o2
D:2:      layout_basic, bloody_makhleb, minmay_lizard_king, uniq_terence
